 Dungeon Crawl Stone Soup version 0.30-a0-311-gf115ab0292 (webtiles) character file.

Game seed: 5415203969268828034

205 blackman the Trooper (level 6, 0/79 HPs)
             Began as a Human Delver on Oct 25, 2022.
             Slain by a troll (5 damage)
             ... on level 6 of the Dungeon.
             The game lasted 00:02:57 (992 turns).

blackman the Trooper (Human Delver)                  Turns: 992, Time: 00:02:59

Health: 0/79       AC: 23    Str: 13    XL:     6   Next: 10%
Magic:  6/6        EV:  2    Int: 12    God:
Gold:   55         SH:  0    Dex: 14    Spells: 5/5 levels left

rFire   . . .      SeeInvis .    k - +1 dagger (venom)
rCold   . . .      Faith    .    (no shield)
rNeg    . . .      Spirit   .    (body armour currently unavailable)
rPois   +          Reflect  .    (helmet currently unavailable)
rElec   .          Harm     .    (cloak currently unavailable)
rCorr   .          Rampage  .    (gloves currently unavailable)
Will    .....      NoTele   +    (boots currently unavailable)
Stlth   +++.......               (no amulet)
HPRegen 0.33/turn                (no ring)
MPRegen 0.10/turn                (no ring)

@: tree-form
A: stationary, stasis, torment immunity, boosted hp
a: no special abilities


You were on level 6 of the Dungeon.
You were a tree.
You visited 1 branch of the dungeon, and saw 2 of its levels.

You collected 55 gold pieces.

Inventory:

Hand Weapons
 a - a +0 spear
 k - a +1 dagger of venom (weapon)
Armour
 b - a +0 leather armour (melded)
Magical Staves
 j - a staff of conjuration
Wands
 f - a wand of polymorph (4)
 g - a wand of digging (3)
Scrolls
 c - a scroll of fog
 d - a scroll of magic mapping
 i - a scroll of identify


   Skills:
 * Level 6.3 Fighting
 - Level 2.0 Polearms
 - Level 2.0 Dodging
 - Level 5.0 Stealth


You had 5 spell levels left.
You didn't know any spells.
Your spell library was empty.

Dungeon Overview and Level Annotations

Branches:
Dungeon (6/15)
 Temple: D:4-7

Altars:

Annotations:
D:5 Blork the orc


Message History

The troll claws you but does no damage.
You barely miss the troll.
The troll is lightly wounded.
The troll bites you.
* * * LOW HITPOINT WARNING * * *
The troll claws you but does no damage. x2
You hit the troll.
The troll looks as sick as possible!
The troll is moderately wounded.
The troll bites you but does no damage. The troll claws you but does no damage.
The troll completely misses you.
You hit the troll.
The troll looks as sick as possible!
The troll is heavily wounded.
The white imp hits you but does no damage.
The troll bites you but does no damage. The troll claws you.
* * * LOW HITPOINT WARNING * * *
The troll barely misses you.
You barely miss the troll.
The troll is heavily wounded.
The white imp hits you but does no damage.
The troll bites you but does no damage. The troll claws you but does no damage.
The troll claws you.
* * * LOW HITPOINT WARNING * * *
You hit the troll but do no damage.
The troll is heavily wounded.
The white imp hits you but does no damage.
The troll bites you.
* * * LOW HITPOINT WARNING * * *
The troll claws you but does no damage. x2
You hit the troll.
The troll is severely wounded.
The troll bites you but does no damage. The troll claws you but does no damage.
The troll claws you!
* * * LOW HITPOINT WARNING * * *
The white imp hits you but does no damage.
Unknown command.
You hit the troll but do no damage.
The troll is severely wounded.
The white imp hits you but does no damage.
The troll bites you but does no damage. The troll claws you.
You die...

......#
......#
......#
......#
......#
####......#
#.†.......#
#..♣...#
#.5T##.#
#...# #...#
#...# #...#
#...# #...#


You could see a troll (extremely poisoned) and a white imp.

Vanquished Creatures
  A bullfrog (D:6)
  A scorpion (D:5)
  A hound (D:5)
  An orc wizard (D:5)
  An adder (D:5)
  2 orcs (D:5)
7 creatures vanquished.

Vanquished Creatures (others)
  An orc wizard (D:5)
1 creature vanquished.

Grand Total: 8 creatures vanquished

Notes
Turn   | Place    | Note
-------+----------+-------------------------------------------
     0 | D:5      | blackman the Human Delver began the quest for the Orb.
     0 | D:5      | Reached XP level 1. HP: 18/18 MP: 1/1
    46 | D:5      | Noticed Blork the orc
    83 | D:5      | Reached XP level 2. HP: 9/24 MP: 2/2
   572 | D:5      | Reached skill level 4 in Fighting
   572 | D:5      | Reached XP level 3. HP: 18/30 MP: 3/3
   585 | D:5      | Reached XP level 4. HP: 25/38 MP: 4/4
   748 | D:5      | Noticed a scorpion
   754 | D:5      | Killed a scorpion
   755 | D:5      | Reached skill level 5 in Fighting
   755 | D:5      | Reached XP level 5. HP: 30/44 MP: 5/5
   972 | D:6      | Noticed a bullfrog
   973 | D:6      | Noticed a troll
   982 | D:6      | Killed a bullfrog
   983 | D:6      | Reached skill level 6 in Fighting
   983 | D:6      | Reached XP level 6. HP: 37/53 MP: 6/6
   992 | D:6      | Slain by a troll

Illustrated notes

Levels and vault maps discovered:
D:5:      layout_loops_ring, uniq_blork_the_orc
D:6:      layout_basic, minivault_25, kennysheep_windowed_goal, uniq_eustachio

Skill      XL: |  1  2  3  4  5 |
---------------+----------------+-----
Fighting       | 4 5 6 |  6.3
Polearms       | |  2.0
Dodging        | |  2.0
Stealth        | |  5.0

Action                   |  1- 3 |  4- 6 || total
-------------------------+-------+-------++-------
Melee: Spear             |    25 |     2 ||    27
       Unarmed           |    32 |       ||    32
       Dagger            |       |    31 ||    31
  Use: Potion            |     1 |     1 ||     2
       Scroll            |       |     2 ||     2
 Stab: Sleeping          |       |     1 ||     1
Armor: Leather armour    |     4 |     4 ||     8
       Skin              |    11 |    34 ||    45
Dodge: Dodged            |    20 |    19 ||    39

Table legend: (Time is in decaauts)
 A = Elapsed time spent in this place.
 B = Non-inter-level travel time spent in this place.
 C = Inter-level travel time spent in this place.
 D = Time resting spent in this place.
 E = Time spent auto-exploring this place.
 F = Levels seen in this place.
 G = Mean time per level.
                   A        B        C        D        E       F      G
               +--------+--------+--------+--------+--------+-----+--------+
         Total |    970 |    951 |     19 |    674 |     57 |   2 |  485.0 |
       Dungeon |    970 |    951 |     19 |    674 |     57 |   2 |  485.0 |
               +--------+--------+--------+--------+--------+-----+--------+

Top non-repeatable levels by time:
     D:5: 950 daAuts
     D:6: 19 daAuts
